 Dungeon Crawl Stone Soup version 0.23.0 (webtiles) character file.

Game seed: 2448686437466018249

39 Kairos the Skirmisher (level 3, -4/20 HPs)
             Began as a Vine Stalker Fighter on Feb 15, 2019.
             Killed from afar by a white imp (7 damage)
             ... with a puff of frost
             ... summoned by Natasha
             ... on level 2 of the Dungeon.
             The game lasted 00:01:50 (1178 turns).

Kairos the Skirmisher (Vine Stalker Fighter)        Turns: 1178, Time: 00:01:51

Health: -4/20      AC:  6    Str: 24    XL:     3   Next: 47%
Magic:  0/4        EV:  7    Int:  8    God:
Gold:   91         SH:  9    Dex: 13    Spells: 2/2 levels left

rFire    + . .     SeeInvis .   a - +0 war axe
rCold    . . .     Gourm    .   c - +0 shield
rNeg     . . .     Faith    .   b - +0 scale mail
rPois    .         Spirit   +   (no helmet)
rElec    .         Reflect  .   (no cloak)
rCorr    .         Harm     .   (no gloves)
MR       +....     Clarity  +   (no boots)
Stlth    ..........             (no amulet)
HPRegen  0.06/turn              (no ring)
MPRegen  0.09/turn              (no ring)

@: mighty
A: fangs 2, clarity, fire resistance 1, magic resistance 1, magic shield,
antimagic bite, no potion heal 3, rot immunity
a: no special abilities


You were on level 2 of the Dungeon.
You were hungry.

You visited 1 branch of the dungeon, and saw 2 of its levels.

You collected 91 gold pieces.

Inventory:

Hand Weapons
 a - a +0 war axe (weapon)
Armour
 b - a +0 scale mail (worn)
 c - a +0 shield (worn)
Scrolls
 i - 2 scrolls of remove curse
 l - a scroll of amnesia
Potions
 e - a potion of invisibility {unknown}
 j - a potion of heal wounds
 k - 2 potions of cancellation
Comestibles
 f - 4 rations


   Skills:
 + Level 3.0 Fighting
 + Level 2.2 Axes
 + Level 2.8 Armour
 + Level 0.4 Dodging
 + Level 3.0 Shields


You had 2 spell levels left.
You didn't know any spells.
Your spell library was empty.

Dungeon Overview and Level Annotations

Branches:
Dungeon (2/15)

Altars:

Annotations:
D:2 Natasha


Innate Abilities, Weirdness & Mutations

You have extremely sharp teeth.
When hurt, damage is shared between your health and your magic reserves.
Your bite disrupts and absorbs the magic of your enemies.
Potions cannot restore your health.
You are immune to rotting.
You possess an exceptional clarity of mind.
Your flesh is heat resistant. (rF+)
You are resistant to hostile enchantments. (MR+)


Message History

* * * LOW HITPOINT WARNING * * *
Your shield and scale mail prevent you from hitting Natasha.
You bite Natasha, but do no damage.
Natasha is almost dead.
You closely miss the white imp.
Your shield and scale mail prevent you from hitting the shadow imp.
You closely miss the hobgoblin. Natasha casts a spell at you.
You resist with almost no effort.
The white imp hits you but does no damage.
The shadow imp spits at you. The shadow imp barely misses you.
You block the hobgoblin's attack. Natasha casts a spell at you.
The magic dart hits you.
* * * LOW HITPOINT WARNING * * *
Okay, then.
You feel very mighty all of a sudden. The white imp gestures at you.
The puff of frost hits you!
You die...

....... #...............
.......
#...#.............#....#
##......................
..........).......####.#
.................. #.#
......%.......... ###..
......h5.....##.. #....
......g@.....##.# #....
###.....5....##.# #....
#..........##)####....
#.....%........)......
##..........######...รท
#.....................
#...........##########
#...........#
#$..........#


You could see Natasha, a white imp, a shadow imp and a hobgoblin.

Vanquished Creatures
  A worm (D:2)
  A dart slug (D:1)
  A leopard gecko (D:2)
  4 goblins
  4 hobgoblins
  4 jackals (D:1)
  A quokka (D:2)
  4 bats
  4 frilled lizards
  4 kobolds
  6 rats
34 creatures vanquished.

Notes
Turn   | Place    | Note
-------+----------+-------------------------------------------
     0 | D:1      | Kairos the Vine Stalker Fighter began the quest for the
                  | Orb.
     0 | D:1      | Reached XP level 1. HP: 11/11 MP: 2/2
    67 | D:1      | Reached XP level 2. HP: 16/16 MP: 1/3
   701 | D:1      | Gained mutation: You are resistant to hostile enchantments.
                  | (MR+) [potion of mutation]
   701 | D:1      | Gained mutation: You possess an exceptional clarity of
                  | mind. [potion of mutation]
   701 | D:1      | Gained mutation: Your flesh is heat resistant. (rF+)
                  | [potion of mutation]
   789 | D:2      | Reached XP level 3. HP: 15/20 MP: 4/4
  1168 | D:2      | Noticed Natasha
  1178 | D:2      | Killed from afar by a white imp

Skill      XL: |  1  2  3 |
---------------+----------+-----
Axes           | 2 |  2.2
Fighting       | 3 |  3.0
Shields        | 3 |  3.0
Armour         | |  2.8
Dodging        | |  0.4

Action                   || total
-------------------------++-------
Melee: War axe           ||    88
       Bite              ||    32
  Use: Potion            ||     6
       Scroll            ||     2
Armor: Scale mail        ||    45
Dodge: Dodged            ||    30
Block: Shield            ||    52
